 Dungeon Crawl Stone Soup version 0.27-a0-972-gd1521fd518 (webtiles) character file.

Game seed: 3585463395846403597

847 Mesmaeker13 the Magician (level 7, -1/46 HPs)
             Began as a Mummy Ice Elementalist on Apr 13, 2021.
             Was an Initiate of Ru.
             Slain by a killer bee (4 damage)
             ... on level 8 of the Dungeon.
             The game lasted 00:09:42 (7131 turns).

Mesmaeker13 the Magician (Mummy Ice Elementalist)   Turns: 7131, Time: 00:09:43

Health: -1/46      AC:  9    Str: 12    XL:     7   Next: 68%
Magic:  9/16       EV: 16    Int: 16    God:    Ru [......]
Gold:   90         SH:  5    Dex:  9    Spells: 8/19 levels left

rFire    x . .     SeeInvis .   k - +2 dagger (elec)
rCold    + . .     Faith    .   r - +2 buckler "Cimoim" {rElec Will+ Dex-3 Slay+2}
rNeg     + + +     Spirit   .   a - +0 robe
rPois    ∞         Reflect  .   (no helmet)
rElec    +         Harm     .   h - +0 cloak
rCorr    .         Rampage  .   (no gloves)
Will     +....                  (no boots)
Stlth    ..........             (no amulet)
HPRegen  0.15/turn              c - +4 ring of evasion
MPRegen  0.15/turn              (no ring)

@: ice-armoured
A: cold resistance 1, negative energy resistance 3, torment resistance 2,
unbreathing 1, heat vulnerability 1, no stealth, no potions
a: Renounce Religion


You were on level 8 of the Dungeon.
You worshipped Ru.
Ru was noncommittal.
You visited 2 branches of the dungeon, and saw 7 of its levels.

You collected 327 gold pieces.
You spent 237 gold pieces at shops.

Inventory:

Hand Weapons
 d - a +0 broad axe
 k - a +2 dagger of electrocution (weapon)
Armour
 a - a +0 robe (worn)
 h - a +0 cloak (worn)
 r - the +2 buckler "Cimoim" (worn) {rElec Will+ Dex-3 Slay+2}
   (You bought it in a shop on level 5 of the Dungeon)

   It affects your dexterity (-3).
   It affects your accuracy and damage with ranged weapons and melee attacks
   (+2).
   It insulates you from electricity.
   It increases your willpower.
Jewellery
 c - a +4 ring of evasion (left hand)
Wands
 o - a wand of iceblast (6)
 q - a wand of polymorph (7)
Scrolls
 b - 3 scrolls of magic mapping
 e - 2 scrolls of teleportation {unknown}
 f - a scroll of torment
 g - 3 scrolls of noise
 i - 2 scrolls of enchant weapon
 j - a scroll of enchant armour
 l - a scroll of amnesia {unknown}
 m - 4 scrolls of immolation
 p - a scroll of vulnerability {unknown}


   Skills:
 - Level 4.3 Dodging
 + Level 0.3 Shields
 + Level 6.5 Spellcasting
 + Level 0.3 Conjurations
 + Level 5.3 Ice Magic


You had 8 spell levels left.
You knew the following spells:

 Your Spells              Type           Power      Damage    Failure   Level
a - Freeze                Ice            88%        1d10      2%          1
b - Frozen Ramparts       Ice            44%        1d6       7%          3
c - Ozocubu's Armour      Ice            22%        N/A       7%          3
d - Hailstorm             Conj/Ice       14%        3d5       54%         4

Your spell library contained the following spells:

 Spells                   Type           Power      Damage    Failure   Level
 Animate Skeleton         Necr           10%        N/A       22%         1
 Apportation              Tloc           10%        N/A       22%         1
 Corona                   Hex            5%         N/A       22%         1
 Summon Small Mammal      Summ           20%        N/A       22%         1
 Metabolic Englaciation   Hex/Ice        6%         N/A       89%         5


Dungeon Overview and Level Annotations

Branches:
Dungeon (5/15)             Temple (1/1) D:4

Altars:
Ashenzari
Cheibriados
Elyvilon
Kikubaaqudgha
Makhleb
Nemelex Xobeh
Okawaru
Qazlal
Ru
Sif Muna
Trog
Uskayaw
Wu Jian
Zin
The Shining One

Shops:
D:5 *


Innate Abilities, Weirdness & Mutations

You are immune to poison.
Your flesh is cold resistant. (rC+)
You are immune to negative energy. (rN+++)
You are immune to unholy pain and torment.
You can survive without breathing.
You are vulnerable to heat. (rF-)
You cannot be stealthy.
You do not drink.


Message History

The wall freezes the killer bee.
You kill the killer bee!
The wall freezes the killer bee but does no damage.
The killer bee misses you.
The wall freezes the killer bee.
The wall freezes the killer bee.
The killer bee stings you!
* * * LOW HITPOINT WARNING * * *
The wall freezes the killer bee.
The killer bee stings you.
* * * LOW HITPOINT WARNING * * *
The wall freezes the killer bee.
The killer bee closely misses you.
Unknown command.
Unknown command.
Blink to where?
Press: ? - help, Dir - move target Your frozen ramparts will break if you move.
Continue?
The frozen ramparts melt away as you move.
As you read the scroll labelled CUDDYA GOHAO, it crumbles to dust.
It was a scroll of blinking.
A killer bee comes into view.
The killer bee moves out of view.
As you read the scroll of magic mapping, it crumbles to dust.
You feel aware of your surroundings.
Blink to where?
Press: ? - help, Dir - move target
As you read the scroll of blinking, it crumbles to dust.
A killer bee comes into view.
The killer bee buzzes angrily.
The killer bee closely misses you. x2
Casting: Frozen Ramparts (dangerous; 7% risk of failure)
Confirm with . or Enter, or press ? or * to list all spells.
Okay, then.
Casting: Frozen Ramparts (dangerous; 7% risk of failure)
Confirm with . or Enter, or press ? or * to list all spells.
Okay, then.
Casting: Frozen Ramparts (dangerous; 7% risk of failure)
Confirm with . or Enter, or press ? or * to list all spells.
A film of ice covers your body! You block the killer bee's attack.
The killer bee barely misses you.
The killer bee stings you but does no damage.
The killer bee stings you.
You die...

*,,,*,**.............##,
**..#..#.....#.........,
**#....................,
*,,.....###............,
***,.........##..#*....,
**#.......###†.##....,
##.....y.y.#........,
#...yy.##..y.y.#.#..,
#...@y..##.....#*#,,,
#......##.$....# *,,,
##.............##*,,,
#.........§....#,,,,
*#......#...##.....,,
*......##....,..##.,,
##...###........#*,,,
######......#.,#*,,,
###....##.**,,,


You could see 5 killer bees.

Vanquished Creatures
  Edmund (D:4)
  A sky beast (D:3)
  2 kobold brigands (D:4)
  A killer bee (D:8)
  A jelly (D:3)
  Natasha (thrice) (D:4)
  Ijyb (D:4)
  An orc wizard (D:3)
  A hound skeleton (D:4)
  6 adders
  8 gnolls (D:4)
  A howler monkey skeleton (D:4)
  A white imp (D:5)
  2 ufetubi
  An adder skeleton (D:4)
  3 dart slugs
  7 orcs
  10 endoplasms
  2 giant cockroaches
  10 goblins
  11 hobgoblins
  9 jackals
  3 quokkas
  2 ball pythons
  5 bats
  3 frilled lizards
  46 kobolds
  2 rats
  A butterfly (D:4)
145 creatures vanquished.

Notes
Turn   | Place    | Note
-------+----------+-------------------------------------------
     0 | D:1      | Mesmaeker13 the Mummy Ice Elementalist began the quest for
                  | the Orb.
     0 | D:1      | Reached XP level 1. HP: 13/13 MP: 4/4
    79 | D:1      | Reached skill level 3 in Spellcasting
   432 | D:1      | Reached XP level 2. HP: 16/19 MP: 0/6
  1062 | D:2      | Reached XP level 3. HP: 24/24 MP: 3/7
  1689 | D:2      | Learned a level 3 spell: Frozen Ramparts
  1819 | D:2      | Reached XP level 4. HP: 29/30 MP: 4/9
  2459 | D:1      | Reached skill level 4 in Spellcasting
  3458 | D:3      | Found a faded altar of an unknown god.
  3600 | D:3      | Noticed a sky beast
  3632 | D:3      | Killed a sky beast
  3633 | D:3      | Reached XP level 5. HP: 28/35 MP: 3/12
  4228 | D:3      | Found a sparkling altar of Nemelex Xobeh.
  4236 | D:3      | Reached skill level 5 in Spellcasting
  4236 | D:3      | Reached XP level 6. HP: 41/41 MP: 9/13
  4438 | D:4      | Learned a level 3 spell: Ozocubu's Armour
  4461 | D:4      | Found a sacrificial altar of Ru.
  4465 | D:4      | Found a bloodstained altar of Trog.
  4480 | D:4      | Found an ornate altar of the Wu Jian Council.
  4480 | D:4      | Found an iron altar of Okawaru.
  4482 | D:4      | Noticed Edmund
  4511 | D:4      | Killed Edmund
  4668 | D:4      | Became a worshipper of Ru the Awakened
  4929 | D:4      | Noticed Natasha
  4940 | D:4      | Killed Natasha
  4988 | D:4      | Noticed Ijyb
  4999 | D:4      | Killed Ijyb
  5068 | D:4      | Found a staircase to the Ecumenical Temple.
  5073 | Temple   | Entered the Ecumenical Temple
  5449 | D:4      | Noticed Natasha
  5465 | D:4      | Killed Natasha
  5628 | D:4      | Reached XP level 7. HP: 43/46 MP: 11/15
  5645 | D:4      | Reached skill level 6 in Spellcasting
  5645 | D:4      | Reached skill level 5 in Ice Magic
  6117 | D:4      | Gained mutation: You cannot be stealthy. [Ru sacrifice]
  6261 | D:4      | Noticed Natasha
  6269 | D:4      | Killed Natasha
  6600 | D:5      | Entered Level 5 of the Dungeon
  6799 | D:5      | Learned a level 4 spell: Hailstorm
  6809 | D:5      | Found Biogacaidd's Assorted Antiques.
  6813 | D:5      | Bought a translucent buckler for 237 gold pieces
  6813 | D:5      | Identified the +2 buckler "Cimoim" {rElec Will+ Dex-3
                  | Slay+2} (You bought it in a shop on level 5 of the Dungeon)
  7118 | D:5      | You fall into a shaft and drop 3 floors!
  7131 | D:8      | Slain by a killer bee

Illustrated notes

Levels and vault maps discovered:
D:1:      tarquinn_simple_flora_water_d, layout_basic, minmay_strange_pillars,
          kennysheep_minor_cross
D:2:      layout_basic
D:3:      layout_basic, nemelex_dance_club_becter,
          hellmonk_ecumenical_altar_heavens_door
D:4:      minmay_goblin_kobold_castle, layout_loops_ring,
          grunt_temple_overflow_open, minmay_temple_entry_butterflies,
          kennysheep_boxes, uniq_edmund, uniq_natasha, uniq_ijyb
D:5:      layout_loops_ring, serial_shops, shop, roderic_lattice_a,
          kennysheep_generic_room_8
D:8:      layout_cave_pools
Temple:   zaba_magenta_temple

Skill      XL: |  1  2  3  4  5  6  7 |
---------------+----------------------+-----
Spellcasting   | 3 4 5 6 |  6.5
Dodging        | 2 3 4 |  4.3
Ice Magic      | 4 5 |  5.3
Stealth        | 0 |  0.0
Shields        | |  0.3
Conjurations   | |  0.3

Action                   |  1- 3 |  4- 6 |  7- 9 || total
-------------------------+-------+-------+-------++-------
Melee: Dagger            |    20 |    36 |     7 ||    63
 Cast: Freeze            |    52 |    93 |    45 ||   190
       Frozen Ramparts   |       |    10 |     6 ||    16
       Ozocubu's Armour  |       |     1 |     1 ||     2
Invok: Sacrifice Stealth |       |       |     1 ||     1
Evoke: Wand              |       |       |     3 ||     3
  Use: Scroll            |       |     5 |     4 ||     9
 Stab: Sleeping          |       |     2 |       ||     2
       Distracted        |       |     1 |       ||     1
Armor: Robe              |    12 |    22 |     9 ||    43
Dodge: Dodged            |    59 |    96 |    50 ||   205
Block: Buckler           |       |       |     1 ||     1

Table legend: (Time is in decaauts)
 A = Elapsed time spent in this place.
 B = Non-inter-level travel time spent in this place.
 C = Inter-level travel time spent in this place.
 D = Time resting spent in this place.
 E = Time spent auto-exploring this place.
 F = Levels seen in this place.
 G = Mean time per level.
                   A        B        C        D        E       F      G
               +--------+--------+--------+--------+--------+-----+--------+
         Total |   7159 |   6997 |    162 |   1645 |   4169 |   7 | 1022.7 |
       Dungeon |   7085 |   6941 |    144 |   1645 |   4115 |   6 | 1180.8 |
        Temple |     73 |     55 |     18 |      0 |     54 |   1 |   73.0 |
               +--------+--------+--------+--------+--------+-----+--------+

Top non-repeatable levels by time:
     D:4: 2123 daAuts
     D:2: 1904 daAuts
     D:1: 1401 daAuts
     D:3: 1126 daAuts
     D:5: 517 daAuts
  Temple: 73 daAuts
     D:8: 12 daAuts
